 Dungeon Crawl Stone Soup version 0.29-a0-330-g52719c12eb (webtiles) character file.

Game seed: 6764342629392485500

541 HoaS the Quickloader (level 7, -1/41 HPs)
             Began as a Kobold Hunter on May 19, 2022.
             Slain by an ogre
             ... wielding a +0 giant club
              (23 damage)
             ... on level 4 of the Dungeon.
             The game lasted 00:08:51 (4123 turns).

HoaS the Quickloader (Kobold Hunter)                Turns: 4123, Time: 00:08:52

Health: -1/41      AC:  7    Str:  8    XL:     7   Next: 51%
Magic:  7/7        EV: 15    Int: 11    God:
Gold:   218        SH:  0    Dex: 20    Spells: 6/6 levels left

rFire   . . .      SeeInvis .   a - +5 hand crossbow
rCold   + . .      Faith    .   (no shield)
rNeg    . . .      Spirit   .   o - +3 leather armour {rC+}
rPois   .          Reflect  .   (no helmet)
rElec   .          Harm     .   (no cloak)
rCorr   .          Rampage  .   (no gloves)
Will    .....                   d - +0 pair of boots
Stlth   +++.......              (no amulet)
HPRegen 0.13/turn               (no ring)
MPRegen 0.10/turn               (no ring)

@: no status effects
A: small, no large weapons, nightstalker 3
a: no special abilities


You were on level 4 of the Dungeon.
You visited 2 branches of the dungeon, and saw 6 of its levels.

You collected 218 gold pieces.

Inventory:

Hand Weapons
 a - a +5 hand crossbow (weapon)
Armour
 d - a +0 pair of boots (worn)
 o - a +3 leather armour of cold resistance (worn)
Scrolls
 c - 3 scrolls of immolation
 k - a scroll of fear
Potions
 b - a potion of heal wounds {unknown}
 f - 2 potions of curing {unknown}
 g - a potion of magic {unknown}
 h - a potion of lignification
 i - a potion of cancellation
 j - a potion of berserk rage {unknown}
 n - a potion of haste {unknown}


   Skills:
 * Level 3.3 Fighting
 - Level 10.0 Crossbows
 + Level 1.0 Armour
 + Level 3.1 Dodging
 + Level 2.7 Stealth


You had 6 spell levels left.
You didn't know any spells.
Your spell library contained the following spells:

 Spells                   Type           Power      Damage    Failure   Level
 Leda's Liquefaction      Hex/Erth       0%         N/A       99%         4
 Lee's Rapid Deconstruct  Erth           0%         3d5*      100%        5
 Statue Form              Tmut/Erth      0%         N/A       100%        6


Dungeon Overview and Level Annotations

Branches:
Dungeon (5/15)             Temple (1/1) D:4

Altars:
Ashenzari
Fedhas
Hepliaklqana
Kikubaaqudgha
Nemelex Xobeh
Sif Muna
Trog
Vehumet
Wu Jian
Xom
Yredelemnul
Zin
The Shining One

Portals:
Abyss: D:3

Annotations:
D:3 2 transporters, Mesmaeker13's ghost, amateur DrTm


Innate Abilities, Weirdness & Mutations

You are small and have problems with some larger weapons.
You are completely attuned to the shadows.


Message History

Your +4 hand crossbow glows red for a moment.
As you read the scroll labelled SULEGO ZUCACY, it crumbles to dust.
Your body is wracked with pain!
It was a scroll of torment.
You start resting.
HP restored.
b - a green potion Sigmund the Dreaded comes into view.
He is wielding a +0 scythe.
You shoot a bolt. The bolt hits Sigmund!
Sigmund shouts!
Sigmund is moderately wounded.
You shoot a bolt. The bolt closely misses Sigmund.
You shoot a bolt. The bolt closely misses Sigmund.
Sigmund hits you but does no damage.
You shoot a bolt. The bolt barely misses Sigmund.
An ogre comes into view. It is wielding a +0 giant club.
Sigmund casts a spell at you. The puff of flame hits you.
The ogre shouts!
You shoot a bolt. The bolt hits Sigmund.
Sigmund is heavily wounded.
Sigmund closely misses you.
You shoot a bolt. The bolt hits Sigmund.
Sigmund is severely wounded.
You shoot a bolt. The bolt closely misses Sigmund.
Sigmund completely misses you.
You shoot a bolt. The bolt hits Sigmund!
You kill Sigmund!
Your Fighting skill increases to level 3!
Your Armour skill increases to level 1!
Your Dodging skill increases to level 3!
Your Stealth skill increases to level 2!
You shoot a bolt. The bolt hits the ogre!
The ogre is moderately wounded.
A kobold comes into view. It is wielding a +0 dagger.
The ogre hits you with a +0 giant club!
You shoot a bolt. The bolt hits the ogre!
The ogre is severely wounded.
The ogre hits you with a +0 giant club!!
Ouch! That really hurt!
You die...

##.##
###...##...#...# #.#
###.##...##...# ..
#.#####...#..####..##
..
#..#.#........###..#
..
##......#...###...##
# ##....###...#....#
# #.............[..#
# ####...........###
# #@............# #
#.O.##.........#
.)...# .........# #
.K..... ........


You could see an ogre and a kobold.

Vanquished Creatures
  Sigmund (D:4)
  Eustachio (D:5)
  An ogre (D:4)
  A scorpion (D:4)
  A howler monkey zombie (D:3)
  3 adders
  An adder skeleton (D:3)
  A worm (D:2)
  3 dart slugs
  2 endoplasms
  2 giant cockroaches
  3 goblins
  9 hobgoblins
  5 jackals
  6 kobolds
  4 quokkas
  3 ball pythons
  A ball python skeleton (D:3)
  A ball python zombie (D:3)
  4 bats
  6 frilled lizards
  3 rats
62 creatures vanquished.

Vanquished Creatures (others)
  Natasha (D:4)
  2 withered plants (D:3)
3 creatures vanquished.

Grand Total: 65 creatures vanquished

Notes
Turn   | Place    | Note
-------+----------+-------------------------------------------
     0 | D:1      | HoaS the Kobold Hunter began the quest for the Orb.
     0 | D:1      | Reached XP level 1. HP: 12/12 MP: 1/1
   185 | D:1      | Reached XP level 2. HP: 12/17 MP: 2/2
   388 | D:1      | Reached skill level 6 in Crossbows
  1016 | D:1      | Reached XP level 3. HP: 21/21 MP: 3/3
  1638 | D:2      | Reached skill level 7 in Crossbows
  1739 | D:2      | Reached XP level 4. HP: 26/26 MP: 4/4
  2424 | D:3      | Noticed a small abomination
  2426 | D:3      | Noticed a small abomination
  2429 | D:3      | Found a transporter.
  2548 | D:3      | Found a one-way gate to the infinite horrors of the Abyss.
  2548 | D:3      | Noticed Mesmaeker13's ghost (amateur DrTm)
  2559 | D:3      | Found a transporter.
  3013 | D:4      | Found a staircase to the Ecumenical Temple.
  3025 | Temple   | Entered the Ecumenical Temple
  3275 | D:4      | Noticed a scorpion
  3279 | D:4      | Killed a scorpion
  3280 | D:4      | Reached skill level 8 in Crossbows
  3280 | D:4      | Reached XP level 5. HP: 27/30 MP: 5/5
  3281 | D:4      | Noticed an ogre
  3303 | D:4      | Killed an ogre
  3304 | D:4      | Reached skill level 9 in Crossbows
  3304 | D:4      | Reached XP level 6. HP: 7/35 MP: 6/6
  3600 | D:4      | Noticed Eustachio
  3617 | D:5      | Entered Level 5 of the Dungeon
  3623 | D:5      | Killed Eustachio
  3624 | D:5      | Reached skill level 10 in Crossbows
  3624 | D:5      | Reached XP level 7. HP: 8/40 MP: 7/7
  4095 | D:4      | Killed Natasha
  4113 | D:4      | Noticed Sigmund
  4121 | D:4      | Killed Sigmund
  4122 | D:4      | Reached skill level 1 in Armour
  4123 | D:4      | Slain by an ogre

Illustrated notes

Levels and vault maps discovered:
D:1:      dpeg_arrival_round_b, layout_basic, minmay_octomino_e4
D:2:      layout_rooms, grunt_ministairs_5
D:3:      layout_loops_ring, gammafunk_ghost_abyssal_escape, serial_undead,
          serial_undead_b, serial_undead_b, serial_undead_d, serial_undead_f
D:4:      layout_cave_pools, nicolae_ru_the_path_less_chosen,
          lemuel_temple_firewalk_b, uniq_ijyb, uniq_sigmund, uniq_natasha,
          uniq_eustachio
D:5:      layout_basic, uniq_edmund, uniq_pikel
Temple:   nicolae_temple_figure_eight

Skill      XL: |  1  2  3  4  5  6  7 |
---------------+----------------------+-----
Crossbows      | 6 7 8 9 10 | 10.0
Fighting       | 3 |  3.3
Armour         | 1 |  1.0
Dodging        | 3 |  3.1
Stealth        | 2 |  2.7

Action                   |  1- 3 |  4- 6 |  7- 9 || total
-------------------------+-------+-------+-------++-------
 Fire: Hand crossbow     |    78 |    69 |    12 ||   159
  Use: Scroll            |     7 |     2 |     5 ||    14
       Potion            |       |     2 |       ||     2
Armor: Leather armour    |     7 |       |     1 ||     8
       Ring mail         |       |    13 |       ||    13
Dodge: Dodged            |    24 |    30 |     2 ||    56

Table legend: (Time is in decaauts)
 A = Elapsed time spent in this place.
 B = Non-inter-level travel time spent in this place.
 C = Inter-level travel time spent in this place.
 D = Time resting spent in this place.
 E = Time spent auto-exploring this place.
 F = Levels seen in this place.
 G = Mean time per level.
                   A        B        C        D        E       F      G
               +--------+--------+--------+--------+--------+-----+--------+
         Total |   4157 |   4082 |     75 |   1020 |   2637 |   6 |  692.8 |
       Dungeon |   3934 |   3881 |     53 |   1020 |   2439 |   5 |  786.8 |
        Temple |    222 |    200 |     22 |      0 |    198 |   1 |  222.0 |
               +--------+--------+--------+--------+--------+-----+--------+

Top non-repeatable levels by time:
     D:1: 1224 daAuts
     D:2: 862 daAuts
     D:3: 847 daAuts
     D:4: 743 daAuts
     D:5: 255 daAuts
  Temple: 222 daAuts
